 Dungeon Crawl Stone Soup version 0.30-a0-341-g682706514a (webtiles) character file.

Game seed: 6424294118161724421

264 night the Cutter (level 6, -2/37 HPs)
             Began as a Kobold Reaver on Oct 31, 2022.
             Slain by Duvessa
             ... wielding a +0 short sword
              (9 damage)
             ... on level 4 of the Dungeon on Nov 1, 2022.
             The game lasted 00:10:57 (3186 turns).

night the Cutter (Kobold Reaver)                    Turns: 3186, Time: 00:10:58

Health: -2/37      AC: 10    Str: 10    XL:     6   Next: 43%
Magic:  8/10       EV: 14    Int: 16    God:
Gold:   157        SH:  0    Dex: 13    Spells: 7/11 levels left

rFire   . . .      SeeInvis .    a - +0 short sword
rCold   . . .      Faith    .    (no shield)
rNeg    . . .      Spirit   .    g - +3 leather armour
rPois   .          Reflect  .    k - +1 helmet
rElec   .          Harm     .    s - +0 cloak
rCorr   .          Rampage  .    (no gloves)
Will    .....                    n - +0 pair of boots
Stlth   ++........               (no amulet)
HPRegen 0.26/turn                (no ring)
MPRegen 0.12/turn                (no ring)

@: immotile
A: small, no large weapons, nightstalker 3
a: no special abilities


You were on level 4 of the Dungeon.
You visited 1 branch of the dungeon, and saw 4 of its levels.

You collected 157 gold pieces.

Inventory:

Hand Weapons
 a - a +0 short sword (weapon)
Missiles
 d - 46 stones
Armour
 g - a +3 leather armour (worn)
 k - a +1 helmet (worn)
 n - a +0 pair of boots (worn)
 s - a +0 cloak (worn)
Jewellery
 f - a ring of ice
 o - a ring of poison resistance
Wands
 q - a wand of mindburst (1)
Scrolls
 b - a scroll of fear
 c - a scroll of butterflies
 h - a scroll of magic mapping
 i - a scroll of identify
 j - a scroll of blinking {unknown}
 l - a scroll of noise {unknown}
 m - a scroll of poison {unknown}
 r - a scroll of vulnerability {unknown}
 t - a scroll of enchant armour {unknown}
Potions
 e - a potion of might
 p - a potion of haste {unknown}


   Skills:
 + Level 3.3 Fighting
 + Level 5.0 Short Blades
 + Level 3.7 Dodging
 + Level 3.3 Spellcasting
 + Level 3.8 Conjurations
 + Level 1.4 Necromancy
 + Level 1.4 Translocations


You had 7 spell levels left.
You knew the following spells:

 Your Spells              Type           Power      Damage    Failure   Level
a - Necrotise             Necr           28%        1d5       14%         1
b - Momentum Strike       Conj/Tloc      22%        3d8       13%         2
c - Kiss of Death         Conj/Necr      44%        2d8       9%          1

Your spell library contained the following spells:

 Spells                   Type           Power      Damage    Failure   Level
 Apportation              Tloc           14%        N/A       14%         1
 Summon Small Mammal      Summ           8%         N/A       26%         1
 Hailstorm                Conj/Ice       8%         3d4       32%         3


Dungeon Overview and Level Annotations

Branches:
Dungeon (4/15)
 Temple: D:4-7

Altars:
Ru

Shops:
D:4 (

Annotations:
D:4 Duvessa


Innate Abilities, Weirdness & Mutations

You are small and have problems with some larger weapons.
You are completely attuned to the shadows.


Message History

You hit Dowan but do no damage.
Dowan is almost dead.
Dowan casts a spell at you. The puff of frost misses you.
You hit Dowan.
You kill Dowan!
You hear a distant scream of rage.
Your Short Blades skill increases to level 5!
Duvessa goes berserk!
Casting: Momentum Strike (safe; 13% risk of failure)
Confirm with . or Enter, or press ? or * to list all spells.
Aiming: Momentum Strike (safe; 13% risk of failure)
Press: ? - help, Dir - move target, f - Duvessa
Aim: Duvessa, wielding a +0 short sword and wearing a +0 leather armour (berserk, 72% to hit)
The concentrated momentum hits Duvessa!
You are unable to move.
Duvessa barely misses you. Duvessa hits you with a +0 short sword!
You hit Duvessa but do no damage.
Duvessa is lightly wounded.
Duvessa barely misses you.
Aiming: Mindburst
Press: ? - help, Shift-Dir - straight line, f/p - Duvessa
Aim: Duvessa, wielding a +0 short sword and wearing a +0 leather armour (lightly wounded, berserk, chance to affect: 47%) Duvessa resists with some effort.
Duvessa barely misses you.
Aiming: Mindburst
Press: ? - help, Shift-Dir - straight line, f/p - Duvessa
Aim: Duvessa, wielding a +0 short sword and wearing a +0 leather armour (lightly wounded, berserk, chance to affect: 47%) Duvessa's mind is blasted!!
Duvessa barely misses you. Duvessa closely misses you.
Aiming: Mindburst
Press: ? - help, Shift-Dir - straight line, f/p - Duvessa
Aim: Duvessa, wielding a +0 short sword and wearing a +0 leather armour (heavily wounded, berserk, chance to affect: 47%) Duvessa's mind is blasted!
Duvessa hits you with a +0 short sword!
You barely miss Duvessa.
Duvessa is almost dead.
Duvessa hits you with a +0 short sword!
* * * LOW HITPOINT WARNING * * *
You hit Duvessa but do no damage.
Duvessa is almost dead.
Duvessa hits you with a +0 short sword!
You die...

e.. # ###.. #.#...
#>..)#########.# #..
#....e@......#.# #.#
#.....######.#.######.#
...........#.#.#<...#.#
.................[.....
.........#.#.#.####.#..
.........#.#.#...##.#.∩
...#.....#.#.#...##.#..
.........#.#.#...##.#..
#+#......#.#.#...##.#..


You could see Duvessa (berserk).

Vanquished Creatures
  Menkaure (D:4)
  A necrophage (D:3)
  Dowan (D:4)
  An orc priest (D:3)
  Ijyb (D:3)
  An orc wizard (D:3)
  5 adders
  A worm (D:3)
  2 dart slugs
  5 orcs (D:3)
  5 endoplasms
  3 giant cockroaches
  5 goblins
  3 hobgoblins
  6 quokkas
  4 ball pythons (D:3)
  A bat (D:1)
  7 frilled lizards
  2 kobolds
  3 rats
58 creatures vanquished.

Vanquished Creatures (others)
  An orc priest (D:3)
  Jessica (D:3)
  An adder (D:2)
  A giant cockroach (D:2)
  5 withered plants (D:3)
9 creatures vanquished.

Grand Total: 67 creatures vanquished

Notes
Turn   | Place    | Note
-------+----------+-------------------------------------------
     0 | D:1      | night the Kobold Reaver began the quest for the Orb.
     0 | D:1      | Reached XP level 1. HP: 12/12 MP: 3/3
   159 | D:1      | Reached XP level 2. HP: 18/18 MP: 5/5
   164 | D:1      | Learned a level 2 spell: Momentum Strike
   606 | D:2      | Reached XP level 3. HP: 12/21 MP: 6/6
  1304 | D:2      | Learned a level 1 spell: Necrotise
  1503 | D:2      | Reached XP level 4. HP: 27/27 MP: 4/7
  1551 | D:3      | Found a sacrificial altar of Ru.
  1646 | D:3      | Upgraded the game from 0.30-a0-339-g89bb51ec76 to
                  | 0.30-a0-341-g682706514a
  2071 | D:3      | Noticed a necrophage
  2102 | D:3      | Killed a necrophage
  2103 | D:3      | Reached XP level 5. HP: 10/32 MP: 1/9
  2250 | D:3      | Noticed Ijyb
  2261 | D:3      | Killed Ijyb
  2352 | D:3      | Reached skill level 1 in Necromancy
  2356 | D:3      | Reached skill level 1 in Translocations
  2494 | D:3      | Noticed Jessica
  2497 | D:3      | Killed Jessica
  2619 | D:3      | Reached XP level 6. HP: 37/37 MP: 10/10
  2736 | D:3      | Found a faded altar of an unknown god.
  2837 | D:4      | Noticed Menkaure
  2847 | D:4      | HP: 2/37 [Menkaure/nerve-wracking pain (14)]
  2848 | D:4      | Killed Menkaure
  3065 | D:4      | Found Wyataytu's Weapon Shoppe.
  3172 | D:4      | Noticed Dowan
  3176 | D:4      | Noticed Duvessa
  3178 | D:4      | Killed Dowan
  3179 | D:4      | Reached skill level 5 in Short Blades
  3186 | D:4      | Slain by Duvessa

Illustrated notes

Levels and vault maps discovered:
D:1:      sevenhm_arrival_forest_fort_small_4, layout_basic
D:2:      layout_loops_ring
D:3:      layout_rooms, mainiacjoe_overflow_cross_hatched,
          shapermc_ecumenical_altar_flowoftime, grunt_ministairs_1,
          minmay_divided_ellipse, uniq_jessica, uniq_ijyb
D:4:      layout_basic, lightli_sewer_entry_pipes, serial_shops, shop,
          uniq_duvessa, uniq_pikel, uniq_menkaure

Skill      XL: |  1  2  3  4  5  6 |
---------------+-------------------+-----
Dodging        | 3 |  3.7
Fighting       | 3 |  3.3
Spellcasting   | 3 |  3.3
Necromancy     | 1 |  1.4
Translocations | 1 |  1.4
Short Blades   | 5 |  5.0
Conjurations   | |  3.8

Action                   |  1- 3 |  4- 6 || total
-------------------------+-------+-------++-------
Melee: Short sword       |   114 |   167 ||   281
       Punch             |     1 |     1 ||     2
 Cast: Kiss of Death     |     1 |       ||     1
       Necrotise         |     7 |    16 ||    23
       Momentum Strike   |     2 |    13 ||    15
Evoke: Wand              |       |     5 ||     5
  Use: Scroll            |       |     3 ||     3
       Potion            |       |     3 ||     3
 Stab: Sleeping          |     9 |     1 ||    10
Armor: Leather armour    |    30 |    44 ||    74
Dodge: Dodged            |    77 |   104 ||   181

Table legend: (Time is in decaauts)
 A = Elapsed time spent in this place.
 B = Non-inter-level travel time spent in this place.
 C = Inter-level travel time spent in this place.
 D = Time resting spent in this place.
 E = Time spent auto-exploring this place.
 F = Levels seen in this place.
 G = Mean time per level.
                   A        B        C        D        E       F      G
               +--------+--------+--------+--------+--------+-----+--------+
         Total |   3123 |   3084 |     39 |    172 |   2316 |   4 |  780.8 |
       Dungeon |   3123 |   3084 |     39 |    172 |   2316 |   4 |  780.8 |
               +--------+--------+--------+--------+--------+-----+--------+

Top non-repeatable levels by time:
     D:3: 1250 daAuts
     D:2: 945 daAuts
     D:1: 576 daAuts
     D:4: 351 daAuts
